 Dungeon Crawl Stone Soup version 0.26-b1-32-g5d43845318 (webtiles) character file.

Game seed: 15089060100008336325

74 DuloT34 the Grave Robber (level 4, -1/33 HPs)
             Began as a Ghoul Necromancer on Jan 9, 2021.
             Slain by a bullfrog (7 damage)
             ... on level 2 of the Dungeon.
             The game lasted 00:04:01 (2449 turns).

DuloT34 the Grave Robber (Ghoul Necromancer)        Turns: 2449, Time: 00:04:01

Health: -1/33      AC:  2    Str: 11    XL:     4   Next: 30%
Magic:  2/7        EV: 12    Int: 11    God:
Gold:   115        SH:  0    Dex:  9    Spells: 4/8 levels left

rFire    . . .     SeeInvis .   (no weapon)
rCold    + . .     Faith    .   (no shield)
rNeg     + + +     Spirit   .   a - +0 robe
rPois    ∞         Reflect  .   (no helmet)
rElec    .         Harm     .   (no cloak)
rCorr    .         Rampage  .   (no gloves)
Will     .....                  (no boots)
Stlth    ++........             (no amulet)
HPRegen  0.00/turn              (no ring)
MPRegen  0.10/turn              (no ring)

@: no status effects
A: claws 1, cold resistance 1, negative energy resistance 3, inhibited
regeneration, torment resistance, unbreathing
a: no special abilities


You were on level 2 of the Dungeon.
You visited 1 branch of the dungeon, and saw 2 of its levels.

You collected 115 gold pieces.

Inventory:

Armour
 a - a +0 robe (worn)
Scrolls
 b - a scroll of identify
 f - a scroll of teleportation {unknown}
 g - a scroll of amnesia {unknown}
 j - a scroll of blinking
Potions
 c - a potion of lignification {unknown}
 d - a potion of haste {unknown}
 e - a potion of degeneration {unknown}
 h - a potion of resistance {unknown}
 i - a potion of curing {unknown}


   Skills:
 - Level 1.7 Dodging
 - Level 2.1 Stealth
 + Level 2.9 Spellcasting
 + Level 4.9 Necromancy


You had 4 spell levels left.
You knew the following spells:

 Your Spells              Type           Power        Failure   Level
a - Pain                  Necr           48%          3%          1
b - Vampiric Draining     Necr           6%           11%         3

Your spell library contained the following spells:

 Spells                   Type           Power        Failure   Level
 Animate Skeleton         Necr           24%          3%          1
 Animate Dead             Necr           6%           34%         4
 Agony                    Necr           12%          69%         5


Dungeon Overview and Level Annotations

Branches:
Dungeon (2/15)

Altars:


Innate Abilities, Weirdness & Mutations

You thrive by killing the living.
You are immune to poison.
You have sharp fingernails.
Your flesh is cold resistant. (rC+)
You are immune to negative energy. (rN+++)
You do not regenerate when monsters are visible.
You are immune to unholy pain and torment.
You can survive without breathing.


Message History

Casting: Pain (safe; 3% risk of failure)
Confirm with . or Enter, or press ? or * to list all spells.
Aiming: Pain (safe; 3% risk of failure)
Press: ? - help, Shift-Dir - straight line, f/p - bullfrog
Aim: a bullfrog (lightly wounded, chance to affect: 68%)
The bullfrog writhes in agony.
The bullfrog completely misses you.
Casting: Pain (safe; 3% risk of failure)
Confirm with . or Enter, or press ? or * to list all spells.
Aiming: Pain (safe; 3% risk of failure)
Press: ? - help, Shift-Dir - straight line, f/p - bullfrog
Aim: a bullfrog (heavily wounded, chance to affect: 68%)
The bullfrog struggles to resist.
The bullfrog hits you. x2
Casting: Pain (safe; 3% risk of failure)
Confirm with . or Enter, or press ? or * to list all spells.
You don't have enough magic to cast that spell.
The bullfrog hits you! The bullfrog hits you.
* * * LOW HITPOINT WARNING * * *
The bullfrog hits you!
You die...

###.######## ##.## ##.##
#.# #.# #.# #.# ##### #.#
#.# #.# #....##'## #.# #.#
#.....## #.#### #.#
##.....## ##....# ###.##
##..<..## ##.###.# .....#
#..F...####...##.# .....#
#..@...'.......#.# ###..#
#......####...##.# # #.##
##.....## ##.###.# # #.#
#.....## #......# #
#.##########...## #.######
# #.#.(.....###'## #.#
###.#.#.###.# #.# #.#
........###.###.#### #.#
###.#.##.....).....#####.#


You could see a bullfrog.

Vanquished Creatures
  Jessica (D:2)
  An adder (D:2)
  An ooze (D:1)
  2 dart slugs (D:1)
  3 leopard geckos
  A ball python (D:2)
  2 goblins
  6 hobgoblins
  4 kobolds (D:1)
  3 bats
  4 frilled lizards
  3 rats
31 creatures vanquished.

Notes
Turn   | Place    | Note
-------+----------+-------------------------------------------
     0 | D:1      | DuloT34 the Ghoul Necromancer began the quest for the Orb.
     0 | D:1      | Reached XP level 1. HP: 14/14 MP: 2/2
   302 | D:1      | Reached XP level 2. HP: 20/20 MP: 0/4
   871 | D:1      | Reached XP level 3. HP: 24/26 MP: 1/5
  2004 | D:2      | Noticed Jessica
  2008 | D:2      | Killed Jessica
  2009 | D:2      | Reached XP level 4. HP: 33/33 MP: 1/7
  2013 | D:2      | Learned a level 3 spell: Vampiric Draining
  2280 | D:2      | Noticed a bullfrog
  2449 | D:2      | Slain by a bullfrog

Illustrated notes

Levels and vault maps discovered:
D:1:      nicolae_arrival_memento_mori, layout_basic,
          hangedman_abyss_or_decor_stabs
D:2:      layout_loops_corners, lemuel_round_altar, uniq_jessica

Skill      XL: |  1 |
---------------+----+-----
Spellcasting   | 2 |  2.9
Dodging        | |  1.7
Stealth        | |  2.1
Necromancy     | |  4.9

Action                   |  1- 3 |  4- 6 || total
-------------------------+-------+-------++-------
Melee: Unarmed           |    53 |       ||    53
 Cast: Pain              |    43 |    10 ||    53
  Use: Scroll            |     4 |       ||     4
 Stab: Sleeping          |     1 |       ||     1
Armor: Robe              |     5 |     1 ||     6
Dodge: Dodged            |    29 |     4 ||    33
